 Dungeon Crawl Stone Soup version 0.28-a0-1524-ge72afd5fc6 (webtiles) character file.

Game seed: 4779580518175339894

9 knot the Chopper (level 2, 20/24 HPs)
             Began as a Demonspawn Berserker on Jan 18, 2022.
             Was a Follower of Trog.
             Quit the game on level 1 of the Dungeon.
             The game lasted 00:00:23 (504 turns).

knot the Chopper (Demonspawn Berserker)              Turns: 504, Time: 00:00:24

Health: 20/24      AC:  2    Str: 17    XL:     2   Next: 3%
Magic:  2/2        EV: 12    Int:  8    God:    Trog [*.....]
Gold:   12         SH:  0    Dex: 12    Spells: 1/1 levels left

rFire   . . .      SeeInvis .   d - +0 war axe
rCold   . . .      Faith    .   (no shield)
rNeg    . . .      Spirit   .   b - +0 animal skin
rPois   .          Reflect  .   (no helmet)
rElec   .          Harm     .   (no cloak)
rCorr   .          Rampage  .   (no gloves)
Will    .....                   (no boots)
Stlth   +.........              (no amulet)
HPRegen 0.08/turn               (no ring)
MPRegen 0.08/turn               (no ring)

@: no status effects
A: foul stench 1
a: Renounce Religion, Berserk


You were on level 1 of the Dungeon.
You worshipped Trog.
Trog was aware of your devotion.
You visited 1 branch of the dungeon, and saw 1 of its levels.

You collected 12 gold pieces.

Inventory:

Hand Weapons
 d - a +0 war axe (weapon)
Missiles
 f - 14 sling bullets
Armour
 b - a +0 animal skin (worn)
Jewellery
 g - an amulet of guardian spirit
Scrolls
 a - a scroll of identify {unknown}
 c - a scroll of holy word {unknown}
 e - 2 scrolls of teleportation {unknown}


   Skills:
 - Level 3.0 Fighting
 + Level 3.2 Axes
 - Level 1.7 Armour
 - Level 1.7 Dodging


You had one spell level left.
You didn't know any spells.
Your spell library was empty.

Dungeon Overview and Level Annotations

Branches:
Dungeon (1/15)

Altars:


Innate Abilities, Weirdness & Mutations

You may rarely emit foul miasma when damaged in melee.


Message History

You open the door. You open the door.
There is an open door here.
You open the door.
A rat comes into view.
A rat comes into view.
There is an open door here.
You hit the rat.
You kill the rat!
Trog accepts your kill.
Found a leather armour.
The rat closely misses you.
You completely miss the rat. The rat barely misses you.
You barely miss the rat. The rat misses you.
You closely miss the rat. The rat barely misses you. The rat bites you.
You slash the rat!
You kill the rat!
Trog accepts your kill.
No target in view!
No target in view!
You open the door.
There is an open door here.
As you open the door, it creaks loudly!
There is an open door here.
You see here a rat corpse.
You see here a rat corpse.
You open the door.
A hobgoblin comes into view.
Found 10 gold pieces and a scroll labelled COILUC ANYKY.
There is an open door here.
A hobgoblin is nearby!
A hobgoblin is nearby!
A rat comes into view.
The hobgoblin hits you.
You hit the hobgoblin.
You kill the hobgoblin!
Trog accepts your kill.
You have reached level 2!
Your demonic ancestry asserts itself...
You begin to emit a foul stench of rot and decay.
Are you sure you want to abandon this character and quit the game? (Confirm with "yes".)

## .. ....... .. ..
..#.....#.. .#.....#...8
....?...... #.# ##
#...r. .... #..
...##....#...... ####
.........#..... #...
.......@......+ #.##
......#.......# #...
#.....#......## ####
#.....#'###..# #.#.####
#........##..####.....'.
#........##..'..#######.
#.........†..##.....#.'.
..........#†.######...##
...#......#..###########


You could see a rat.

Vanquished Creatures
  A ball python (D:1)
  2 goblins (D:1)
  A hobgoblin (D:1)
  A bat (D:1)
  A frilled lizard (D:1)
  3 rats (D:1)
9 creatures vanquished.

Notes
Turn   | Place    | Note
-------+----------+-------------------------------------------
     0 | D:1      | knot the Demonspawn Berserker began the quest for the Orb.
     0 | D:1      | Reached XP level 1. HP: 18/18 MP: 1/1
   504 | D:1      | Gained mutation: You may rarely emit foul miasma when
                  | damaged in melee. [demonic ancestry]
   504 | D:1      | Reached XP level 2. HP: 20/24 MP: 2/2
   504 | D:1      | Quit the game

Illustrated notes

Levels and vault maps discovered:
D:1:      nicolae_arrival_somewhat_less_tricky_arrival, layout_basic

Skill      XL: |  1 |
---------------+----+-----
Axes           | 3 |  3.2
Fighting       | |  3.0
Armour         | |  1.7
Dodging        | |  1.7

Action                   || total
-------------------------++-------
Melee: War axe           ||    14
       Hand axe          ||     9
Invok: Berserk           ||     1
Armor: Animal skin       ||     4
Dodge: Dodged            ||    17

Table legend: (Time is in decaauts)
 A = Elapsed time spent in this place.
 B = Non-inter-level travel time spent in this place.
 C = Inter-level travel time spent in this place.
 D = Time resting spent in this place.
 E = Time spent auto-exploring this place.
 F = Levels seen in this place.
 G = Mean time per level.
                   A        B        C        D        E       F      G
               +--------+--------+--------+--------+--------+-----+--------+
         Total |    523 |    523 |      0 |    145 |    305 |   1 |  523.0 |
       Dungeon |    523 |    523 |      0 |    145 |    305 |   1 |  523.0 |
               +--------+--------+--------+--------+--------+-----+--------+

Top non-repeatable levels by time:
     D:1: 523 daAuts
